 Dungeon Crawl Stone Soup version 0.31-a0-1620-gcbf77bbcfc (webtiles) character file.

Game seed: 1670641854912629681

3232 Drazool the Frost Mage (level 9, -10/65 HPs)
             Began as a Barachi Ice Elementalist on Jan 11, 2024.
             Was a Believer of Sif Muna.
             Mangled by an eight-headed hydra (11 damage)
             ... on level 8 of the Dungeon.
             The game lasted 00:41:39 (9185 turns).

Drazool the Frost Mage (Barachi Ice Elementalist)   Turns: 9185, Time: 00:41:40

Health: -10/65     AC: 11    Str:  9    XL:     9   Next: 98%
Magic:  9/17       EV: 13    Int: 20    God:    Sif Muna [**....]
Gold:   161        SH:  0    Dex: 13    Spells: 0/19 levels left

rFire   . . .        j - +0 long sword (elec)
rCold   . . .        (no shield)
rNeg    + . .        a - +0 robe
rPois   +            k - +2 helmet
rElec   .            r - +2 cloak {rPois}
rCorr   .            w - +0 pair of gloves
SInv    .            i - +1 pair of boots
Will    .....        e - amulet of faith {!P}
Stlth   ++           Z - ring of wizardry
HPRegen 0.30/turn    N - ring of positive energy
MPRegen 0.15/turn

%: faith, wizardry (x1)
@: slow
A: amphibious, slowness 1, strong legs 1, +LOS
a: Hop, Renounce Religion, Channel Magic


You were on level 8 of the Dungeon.
You worshipped Sif Muna.
Sif Muna was pleased with you.
You visited 2 branches of the dungeon, and saw 9 of its levels.

You collected 534 gold pieces.
You spent 373 gold pieces at shops.


Innate Abilities, Weirdness & Mutations

You are amphibious.
You cover ground slowly.
You can hop short distances.
You have an extended range of vision and can be seen from far away.


   Skills:
 - Level 4.2 Fighting
 - Level 4.0 Dodging
 - Level 2.0 Stealth
 + Level 5.7 Spellcasting
 - Level 4.2 Conjurations
 - Level 3.0 Summonings
 - Level 3.0 Translocations
 - Level 8.0 Ice Magic
 - Level 1.0 Air Magic
 + Level 0.9 Alchemy
 - Level 7.5 Invocations


You couldn't memorise any spells.
You knew the following spells:

 Your Spells              Type           Power      Damage    Failure   Level
b - Summon Ice Beast      Ice/Summ       27%        N/A       1%          3
f - Fulminant Prism       Conj/Alch      7%         3d6       16%         4
o - Ozocubu's Armour      Ice            37%        N/A       1%          3
r - Frozen Ramparts       Ice            74%        1d12      1%          3
B - Blink                 Tloc           34%        N/A       1%          2
X - Iskenderun's Mystic   Conj/Tloc      20%        2d6       10%         4

Your spell library contained the following spells:

 Spells                   Type           Power      Damage    Failure   Level
 Freeze                   Ice            100%       1d10      1%          1
 Magic Dart               Conj           88%        1d7       1%          1
 Call Imp                 Summ           34%        N/A       1%          2
 Necrotise                Necr           20%        1d5       4%          1
 Volatile Blastmotes      Fire/Tloc      22%        2d11      7%          3
 Vampiric Draining        Necr           5%         2d6       13%         3
 Martyr's Knell           Necr/Summ      11%        N/A       22%         4
 Curse of Agony           Necr           5%         N/A       71%         5

Inventory:

Hand Weapons
 j - a +0 long sword of electrocution (weapon)
Missiles
 q - 73 stones
Armour
 a - a +0 robe (worn)
 i - a +1 pair of boots (worn)
 k - a +2 helmet (worn)
 r - a +2 cloak of poison resistance (worn)
 w - a +0 pair of gloves (worn)
Magical Staves
 m - a staff of air {!a}
Jewellery
 e - an amulet of faith (around neck) {!P}
 N - a ring of positive energy (right hand)
 P - a ring of poison resistance
 Z - a ring of wizardry (left hand)
Wands
 s - a wand of quicksilver (7)
 C - a wand of roots (9)
Scrolls
 f - 2 scrolls of enchant weapon {unknown}
 g - 4 scrolls of teleportation {@r2}
 n - a scroll of fear {unknown}
 t - 2 scrolls of vulnerability
 u - 5 scrolls of fog
 x - a scroll of noise
 y - a scroll of brand weapon {unknown}
 B - a scroll of revelation {unknown}
Potions
 b - a potion of magic
 c - a potion of curing {@q1}
 d - a potion of lignification {unknown}
 l - 2 potions of attraction {unknown}
 o - a potion of ambrosia {unknown}
 p - 4 potions of brilliance {unknown}
 z - 2 potions of heal wounds {unknown}
 A - a potion of mutation {unknown}

Dungeon Overview and Level Annotations

Branches:
Dungeon (8/15)             Temple (1/1) D:5
   Lair: D:8-11

Altars:
Ashenzari
Dithmenos
Elyvilon
Fedhas
Gozag
Hepliaklqana
Kikubaaqudgha
Makhleb
Nemelex Xobeh
Okawaru
Qazlal
Ru
Sif Muna
Trog
Vehumet
Wu Jian
The Shining One

Shops:
D:2 :   D:3 (*[[   D:7 [

Annotations:
D:4 3 runed translucent doors, Azoth's ghost, novice GrFi

....... #...# ### ..##
......##...###.###...
##............#......##
..#...#..#..#......# ...#.
.....#░#.).#░#.....# .....
#.....#..#..#......##....#
#.......)#............#
#.......)).<##...#....#
#.....##@.####..##.......
. #.....#.D## ##.#........
..
#.(...c.F#####..#........
...
#..........##.†###.#.....
....
#...#...#....##)....#.....
....# ..#
#.#.###.###...########
....# . ##.. ..##$.##
Y...# ##.........## .##.R
.##......##


You could see an eight-headed hydra, a bullfrog and a centaur.


Message History

The eight-headed hydra closely misses you.
The eight-headed hydra bites you! x3
* * * LOW HITPOINT WARNING * * *
The wall freezes the centaur.
The centaur barely misses you. The centaur closely misses you.
The wall freezes the bullfrog.
The bullfrog hits you but does no damage.
Unknown command.
Okay, then.
Unknown command.
Your icy armour cracks and falls away as you move.
The frozen ramparts melt away as you move.
The grasping roots constrict the eight-headed hydra!
The grasping roots constrict the centaur!
The grasping roots constrict the bullfrog.
The roots release their grip on the eight-headed hydra.
The roots release their grip on the centaur.
The roots release their grip on the bullfrog.
The eight-headed hydra attacks as it pursues you!
The eight-headed hydra bites you but does no damage.
The eight-headed hydra completely misses you.
The eight-headed hydra bites you!
* * * LOW HITPOINT WARNING * * *
The eight-headed hydra bites you but does no damage.
The eight-headed hydra bites you!
* * * LOW HITPOINT WARNING * * *
The eight-headed hydra bites you.
* * * LOW HITPOINT WARNING * * *
The eight-headed hydra closely misses you.
The eight-headed hydra bites you!
You die...

Skill      XL: |  1  2  3  4  5  6  7  8  9 |
---------------+----------------------------+-----
Ice Magic      | 5 6 7 8 |  8.0
Spellcasting   | 3 4 5 |  5.7
Fighting       | 2 3 4 |  4.2
Summonings     | 3 |  3.0
Dodging        | 3 4 |  4.0
Invocations    | 2 5 7 |  7.5
Translocations | 3 |  3.0
Stealth        | 2 |  2.0
Air Magic      | 1 |  1.0
Conjurations   | 4 |  4.2
Alchemy        | |  0.9

Action                     |  1- 3 |  4- 6 |  7- 9 || total
---------------------------+-------+-------+-------++-------
  Melee: Dagger            |     4 |    38 |       ||    42
         Long sword        |       |       |    36 ||    36
         Punch             |       |       |     1 ||     1
  Throw: Stone             |       |     4 |     7 ||    11
   Cast: Freeze            |    28 |     3 |       ||    31
         Frozen Ramparts   |     7 |    35 |    46 ||    88
         Summon Ice Beast  |       |    19 |    46 ||    65
         Ozocubu's Armour  |       |    11 |    14 ||    25
  Evoke: Wand              |       |       |     2 ||     2
    Use: Scroll            |       |     6 |     7 ||    13
         Potion            |       |       |     2 ||     2
 Armour: Robe              |    18 |    24 |    54 ||    96
  Dodge: Dodged            |    19 |    16 |    30 ||    65

Levels and vault maps discovered:
D:1:      nicolae_arrival_washed_ashore, layout_rooms, serial_shops, shop_coins
D:2:      layout_rooms, serial_shops, shop, nicolae_ecumenical_snake_handling,
          uniq_robin, uniq_jessica
D:3:      layout_rooms, serial_shops, nicolae_shop_tiny_glass,
          nicolae_shop_advertising_works [nicolae_subvault_shop_adworks], shop,
          nicolae_shop_tiny_real_fake_doors, minmay_cut_off, uniq_ijyb
D:4:      layout_basic, gammafunk_ghost_necromancy
D:5:      layout_rooms, minmay_temple_entry_junction
D:6:      layout_loops_ring, kennysheep_generic_room_13, uniq_pikel
D:7:      layout_basic, chequers_temple_overflow_minitemple, serial_shops, shop
D:8:      kennysheep_big_flooded_room, layout_cave_pools,
          chequers_temple_overflow_statue_of_worship, serial_glass,
          glass_columns_a, glass_columns_a, due_unseen_surprise,
          minmay_strange_pillars, feat_on_display, item_on_display_a,
          minmay_manual_monstrance
Temple:   nicolae_temple_god_jail

Notes
Turn   | Place    | Note
-------+----------+-------------------------------------------
     0 | D:1      | Drazool the Barachi Ice Elementalist began the quest for
                  | the Orb.
     0 | D:1      | Reached XP level 1. HP: 13/13 MP: 3/3
    71 | D:1      | Reached skill level 5 in Ice Magic
   177 | D:1      | Reached XP level 2. HP: 18/19 MP: 3/5
   557 | D:1      | Found Suxt's Assorted Antiques.
   743 | D:2      | Noticed Robin
   825 | D:1      | Reached XP level 3. HP: 22/24 MP: 2/6
   864 | D:1      | Learned a level 3 spell: Frozen Ramparts
   950 | D:2      | Reached skill level 6 in Ice Magic
   999 | D:2      | Killed Robin
  1122 | D:2      | Reached skill level 3 in Spellcasting
  1130 | D:2      | Learned a level 3 spell: Ozocubu's Armour
  1166 | D:2      | Found a faded altar of an unknown god.
  1170 | D:2      | Reached XP level 4. HP: 30/30 MP: 4/8
  1385 | D:2      | Found Ryches's Book Shop.
  1398 | D:2      | Noticed Jessica
  1415 | D:2      | Killed Jessica
  1416 | D:2      | Reached skill level 4 in Spellcasting
  1481 | D:2      | Learned a level 3 spell: Summon Ice Beast
  1867 | D:3      | Found Feyruen's Armour Boutique.
  2182 | D:3      | Reached XP level 5. HP: 36/36 MP: 7/11
  2284 | D:3      | Reached skill level 1 in Fighting
  2284 | D:3      | Reached skill level 1 in Summonings
  2473 | D:3      | Bought a +1 cloak of poison resistance for 162 gold pieces
  2583 | D:3      | Noticed Ijyb
  2605 | D:3      | Killed Ijyb
  2606 | D:3      | Reached skill level 2 in Fighting
  2606 | D:3      | Reached skill level 2 in Summonings
  2665 | D:3      | Found Japlis's Assorted Antiques.
  2774 | D:3      | Found Norodiall's Antique Weapon Boutique.
  2781 | D:3      | Found Awiq Hou's Antique Armour Shop.
  2863 | D:3      | Bought a scroll labelled WOTTAKL BULL for 21 gold pieces
  2863 | D:3      | Bought a scroll labelled CAGUUR MOTI for 21 gold pieces
  2863 | D:3      | Bought a scroll labelled PYEHEGRAHA for 21 gold pieces
  3587 | D:4      | Reached skill level 3 in Summonings
  3791 | D:4      | Reached XP level 6. HP: 44/44 MP: 9/12
  3948 | D:4      | Reached skill level 3 in Dodging
  4223 | D:4      | Reached skill level 7 in Ice Magic
  4395 | D:4      | Found a runed translucent gate.
  4396 | D:4      | Found a runed translucent gate.
  4396 | D:4      | Found a runed translucent gate.
  4398 | D:4      | Noticed Azoth's ghost (novice GrFi)
  4683 | D:5      | Entered Level 5 of the Dungeon
  4683 | D:5      | Noticed a black bear
  4851 | D:5      | Reached XP level 7. HP: 50/50 MP: 3/13
  4936 | D:5      | Reached skill level 8 in Ice Magic
  5006 | D:5      | Found a staircase to the Ecumenical Temple.
  5014 | Temple   | Entered the Ecumenical Temple
  5034 | Temple   | Became a worshipper of Sif Muna the Loreminder
  5101 | D:5      | Reached skill level 3 in Fighting
  5228 | D:5      | Reached skill level 5 in Spellcasting
  5238 | D:5      | Reached skill level 1 in Invocations
  5310 | D:5      | Learned a level 2 spell: Blink
  5460 | D:5      | Reached skill level 2 in Invocations
  5460 | D:5      | Reached XP level 8. HP: 58/58 MP: 8/15
  5897 | D:6      | Reached skill level 3 in Invocations
  5897 | D:6      | Reached skill level 1 in Translocations
  6080 | D:6      | Reached skill level 2 in Translocations
  6159 | D:6      | Reached skill level 3 in Translocations
  6161 | D:6      | Reached * piety under Sif Muna
  6162 | D:6      | Reached skill level 2 in Stealth
  6244 | D:3      | Bought a steaming robe for 148 gold pieces
  6244 | D:3      | Identified the +1 robe "Piodurgh" {Rampage ^Drain Str+4}
                  | (You bought it in a shop on level 3 of the Dungeon)
  6427 | D:6      | Reached skill level 4 in Fighting
  6559 | D:6      | Noticed Pikel
  6566 | D:6      | Reached skill level 4 in Dodging
  6572 | D:6      | Killed Pikel
  6573 | D:6      | Reached skill level 5 in Invocations
  6573 | D:6      | Reached XP level 9. HP: 65/65 MP: 0/16
  6714 | D:6      | Reached skill level 6 in Invocations
  7405 | D:6      | Reached skill level 7 in Invocations
  7405 | D:6      | Reached skill level 1 in Air Magic
  7710 | D:7      | Learned a level 4 spell: Iskenderun's Mystic Blast
  7777 | D:7      | Reached skill level 1 in Conjurations
  7779 | D:7      | Reached ** piety under Sif Muna
  7782 | D:7      | Reached skill level 2 in Conjurations
  8059 | D:7      | Found Hunoxt's Antique Armour Shop.
  8137 | D:7      | Reached skill level 3 in Conjurations
  8594 | D:7      | Found a white marble altar of Elyvilon.
  8594 | D:7      | Found a burning altar of Makhleb.
  8602 | D:7      | Found a bloodstained altar of Trog.
  8604 | D:7      | Found a faded altar of an unknown god.
  8606 | D:7      | Found a hazy altar of Hepliaklqana.
  8691 | D:8      | Reached skill level 4 in Conjurations
  8764 | D:8      | Noticed an efreet
  8785 | D:8      | HP: 5/65 [efreet/+4 scimitar of flaming (3)]
  9105 | D:8      | Learned a level 4 spell: Fulminant Prism
  9144 | D:8      | Noticed an eight-headed hydra
  9185 | D:8      | HP: 5/65 [eight-headed hydra (12)]
  9185 | D:8      | HP: 1/65 [eight-headed hydra (4)]
  9185 | D:8      | Mangled by an eight-headed hydra

Vanquished Creatures
  Pikel (D:6)
  A steam dragon (D:6)
  A water moccasin (D:7)
  A sky beast (D:8)
  An orc warrior (D:8)
  A black bear (D:6)
  A centaur (D:7)
  A lemure (D:6)
  A bullfrog (D:8)
  2 scorpions
  4 killer bees (D:6)
  3 orc priests
  2 hounds
  Jessica (D:2)
  Ijyb (D:3)
  2 iguanas
  4 orc wizards
  Robin (D:2)
  3 gnolls (D:3)
  5 adders
  6 ufetubi (D:6)
  3 dart slugs
  2 ribbon worms
  9 orcs
  A bat (D:1)
  7 endoplasms
  2 giant cockroaches
  10 goblins
  7 hobgoblins
  4 jackals (D:2)
  4 quokkas
  11 ball pythons
  8 kobolds
  4 rats
115 creatures vanquished.

Vanquished Creatures (collateral kills)
  A water moccasin (D:6)
  An ice beast (D:6)
  2 black bears
  An ogre (D:5)
  A phantom (D:7)
  A kobold brigand (D:7)
  A bullfrog (D:7)
  2 scorpions
  2 bombardier beetles
  A hound (D:5)
  2 jellies
  An orc priest (D:8)
  A sleepcap (D:5)
  3 iguanas
  6 orc wizards
  A shadow imp (D:7)
  A ribbon worm (D:5)
  13 orcs
  An endoplasm (D:3)
  A giant cockroach (D:4)
  2 goblins (D:4)
  A ball python (D:4)
  2 kobolds (D:4)
  A rat (D:3)
49 creatures vanquished.

Grand Total: 164 creatures vanquished

Table legend: (Time is in decaauts)
 A = Elapsed time spent in this place.
 B = Non-inter-level travel time spent in this place.
 C = Inter-level travel time spent in this place.
 D = Time resting spent in this place.
 E = Time spent auto-exploring this place.
 F = Levels seen in this place.
 G = Mean time per level.
                   A        B        C        D        E       F      G
               +--------+--------+--------+--------+--------+-----+--------+
         Total |  10036 |   9064 |    972 |   1065 |   6358 |   9 | 1115.1 |
       Dungeon |   9996 |   9046 |    950 |   1065 |   6358 |   8 | 1249.5 |
        Temple |     40 |     18 |     22 |      0 |      0 |   1 |   40.0 |
               +--------+--------+--------+--------+--------+-----+--------+

Top non-repeatable levels by time:
     D:6: 1722 daAuts
     D:4: 1500 daAuts
     D:3: 1500 daAuts
     D:7: 1475 daAuts
     D:5: 1203 daAuts
     D:2: 1194 daAuts
     D:1: 1125 daAuts
     D:8: 276 daAuts
  Temple: 40 daAuts

Table legend:
 A = Non-vault XP
 B = Vault XP
 C = Vault XP percentage of total XP
 D = Non-vault monster count
 E = Vault monster count
 F = Vault count percentage of total count
                 A         B        C        D         E       F
            +---------+---------+-------+---------+---------+-------
      Total |    3649 |     969 |  21.0 |     140 |      23 |  14.1
            +---------+---------+-------+---------+---------+-------
        D:1 |      34 |       0 |   0.0 |      17 |       0 |   0.0
        D:2 |      21 |      98 |  82.4 |      12 |      16 |  57.1
        D:3 |      72 |      41 |  36.3 |      14 |       3 |  17.6
        D:4 |     264 |       0 |   0.0 |      20 |       0 |   0.0
        D:5 |     744 |       0 |   0.0 |      20 |       0 |   0.0
        D:6 |    1269 |     699 |  35.5 |      27 |       2 |   6.9
        D:7 |     904 |       0 |   0.0 |      24 |       0 |   0.0
        D:8 |     341 |     131 |  27.8 |       6 |       2 |  25.0
            +---------+---------+-------+---------+---------+-------
